 Dungeon Crawl Stone Soup version 0.30-a0-953-g5f1da4a474 (webtiles) character file.

Game seed: 6527744905493706456

258 mopl the Shooter (level 6, -2/43 (44) HPs)
             Began as a Human Hunter on Mar 28, 2023.
             Was an Initiate of Okawaru.
             Slain by a hound (3 damage)
             ... on level 4 of the Dungeon.
             The game lasted 00:05:11 (3656 turns).

mopl the Shooter (Human Hunter)                     Turns: 3656, Time: 00:05:11

HP:   -2/43 (44)    AC: 11    Str: 11 (14) XL:     6   Next: 40%
MP:   0/16          EV:  5    Int:  6 (9)  God:    Okawaru [......]
Gold: 97            SH:  0    Dex: 13 (16) Spells: 5/5 levels left

rFire   + . .      SeeInvis .    a - +0 shortbow
rCold   . . .      Faith    .    (shield currently unavailable)
rNeg    . . .      Spirit   +    m - +3 chain mail {rF+}
rPois   .          Reflect  .    (no helmet)
rElec   .          Rampage  .    f - scarf {repulsion}
rCorr   .                        (no gloves)
Will    .....                    (no boots) Stlth
                                 r - amulet of guardian spirit
HPRegen 0.27/turn                n - ring of magical power
MPRegen 0.15/turn                (no ring)

@: mighty, weak-willed, lightly drained, repel missiles
A: no striking features
a: Renounce Religion


You were on level 4 of the Dungeon.
You worshipped Okawaru.
Okawaru was noncommittal.
You visited 1 branch of the dungeon, and saw 4 of its levels.

You collected 97 gold pieces.

Inventory:

Hand Weapons
 a - a +0 shortbow (weapon)
Missiles
 p - 5 javelins
 q - 3 poisoned darts
Armour
 f - a scarf of repulsion (worn)
 m - a +3 chain mail of fire resistance (worn)
Jewellery
 n - a ring of magical power (left hand)
 r - an amulet of guardian spirit (around neck)
Wands
 u - a wand of roots (8)
Scrolls
 b - a scroll of immolation
 e - a scroll of enchant armour
 g - 3 scrolls of identify
 h - a scroll of vulnerability
 k - a scroll of teleportation {unknown}
 o - a scroll of fear {unknown}
Potions
 d - 2 potions of berserk rage {!q}
 l - a potion of magic
 t - a potion of lignification {unknown}


   Skills:
 - Level 2.0 Fighting
 * Level 7.0 Ranged Weapons
 - Level 2.0 Dodging
 - Level 1.0 Stealth
 + Level 1.8 Invocations


You had 5 spell levels left.
You didn't know any spells.
Your spell library contained the following spells:

 Spells                   Type           Power      Damage    Failure   Level
 Ozocubu's Armour         Ice            0%         N/A       100%        3
 Metabolic Englaciation   Hex/Ice        0%         N/A       100%        5
 Summon Ice Beast         Ice/Summ       Unusable   N/A       N/A         4
 Summon Mana Viper        Hex/Summ       Unusable   N/A       N/A         5
 Simulacrum               Ice/Necr       Unusable   N/A       N/A         6
 Monstrous Menagerie      Summ           Unusable   N/A       N/A         7

Dungeon Overview and Level Annotations

Branches:
Dungeon (4/15)
 Temple: D:4-7

Altars:
Dithmenos
Okawaru
Yredelemnul

Annotations:
D:4 1 transporter, snipermoke's ghost, amateur DgGl


Message History

The jackal bites you but does no damage.
The jackal barely misses you.
The jackal bites you but does no damage.
An orc comes into view.
It is wielding a +0 hand axe of flaming.
The scorpion stings you but does no damage.
The jackal bites you but does no damage.
Unknown command.
Unknown command.
Unknown command.
Unknown command.
The jackal bites you.
* * * LOW HITPOINT WARNING * * *
The jackal bites you but does no damage.
Unknown command.
The jackal attacks as you move away!
The jackal bites you but does no damage.
The hound attacks as you move away! The hound bites you.
* * * LOW HITPOINT WARNING * * *
The jackal bites you but does no damage.
There is an open door here.
Unknown command.
The hound attacks as you move away! The hound barely misses you.
You recover from your berserk rage.
As you read the scroll labelled CIESCHU SUFAW, it crumbles to dust.
It is a scroll of identify.
l - a potion of magic
As you read the scroll labelled RISOCA XODOALI, it crumbles to dust.
It is a scroll of enchant armour.
Your +2 chain mail of fire resistance glows green for a moment.
The hound bites you.
* * * LOW HITPOINT WARNING * * *
As you read the scroll labelled MIABYN FUEQ, it crumbles to dust.
Magic quickly surges around you.
It was a scroll of vulnerability.
The hound bites you but does no damage. x2; The hound bites you.
* * * LOW HITPOINT WARNING * * *
Okay, then.
It was a potion of might.
You feel very mighty all of a sudden. The hound bites you.
You die...

#...# .
#...#. #...#.
+...' #...#
+...#
####...# #
+....@h# .##
#####h###...#
#..hhs......
#...ho..o.#.
#...<.......
#...........
#...........
#...........
#...........


You could see a scorpion (weak-willed), 2 hounds, an orc (weak-willed) and 3
jackals.

Vanquished Creatures
  A wight (D:4)
  Natasha (thrice) (D:3)
  A gnoll (D:3)
  3 adders
  2 worms
  4 dart slugs
  5 orcs
  5 ball pythons
  6 bats
  7 endoplasms
  5 giant cockroaches
  2 goblins
  9 hobgoblins
  5 jackals (D:1)
  5 kobolds
  4 quokkas
  3 frilled lizards
  8 rats
78 creatures vanquished.

Notes
Turn   | Place    | Note
-------+----------+-------------------------------------------
     0 | D:1      | mopl the Human Hunter began the quest for the Orb.
     0 | D:1      | Reached XP level 1. HP: 16/16 MP: 1/1
    92 | D:1      | Reached XP level 2. HP: 11/22 MP: 2/2
   280 | D:1      | Reached XP level 3. HP: 27/27 MP: 3/3
   345 | D:1      | Reached skill level 5 in Ranged Weapons
   979 | D:2      | Reached XP level 4. HP: 33/33 MP: 4/4
  1999 | D:3      | Noticed Natasha
  2005 | D:3      | Killed Natasha
  2006 | D:3      | Reached skill level 6 in Ranged Weapons
  2006 | D:3      | Reached XP level 5. HP: 11/38 MP: 5/5
  2242 | D:3      | Found an iron altar of Okawaru.
  2247 | D:3      | Became a worshipper of Warmaster Okawaru
  2476 | D:3      | Found a shadowy altar of Dithmenos.
  2590 | D:3      | Found a basalt altar of Yredelemnul.
  2693 | D:3      | Noticed Natasha
  2697 | D:3      | Killed Natasha
  2868 | D:3      | Found a shadowy altar of Dithmenos.
  2897 | D:3      | Found a basalt altar of Yredelemnul.
  3062 | D:3      | Found an iron altar of Okawaru.
  3533 | D:4      | Reached skill level 1 in Invocations
  3533 | D:4      | Reached XP level 6. HP: 12/44 MP: 2/7
  3560 | D:4      | Found a transporter.
  3562 | D:4      | Noticed snipermoke's ghost (amateur DgGl)
  3614 | D:3      | Noticed Natasha
  3622 | D:3      | HP: 3/66 [Natasha (3)]
  3637 | D:3      | Killed Natasha
  3638 | D:3      | Reached skill level 7 in Ranged Weapons
  3648 | D:4      | Noticed a black bear
  3654 | D:4      | HP: 2/43 [hound (3)]
  3656 | D:4      | Slain by a hound

Illustrated notes

Levels and vault maps discovered:
D:1:      dpeg_arrival_circle_labyrinth_c, layout_basic,
          minmay_misc_feat_enclosed
D:2:      layout_basic
D:3:      layout_loops_ring, nicolae_dithmenos_shadow_blocks,
          hellmonk_okawaru_the_only_friend_you_need, lemuel_tele_altar,
          uniq_natasha
D:4:      layout_basic, trog_wizard, gammafunk_ghost_mausoleum,
          gup_sewer_entry_glass, st_stairs_7

Skill      XL: |  1  2  3  4  5  6 |
---------------+-------------------+-----
Ranged Weapons | 5 6 7 |  7.0
Invocations    | 1 |  1.8
Fighting       | |  2.0
Dodging        | |  2.0
Stealth        | |  1.0

Action                     |  1- 3 |  4- 6 || total
---------------------------+-------+-------++-------
  Melee: Unarmed           |       |     8 ||     8
   Fire: Shortbow          |   100 |   168 ||   268
    Use: Potion            |       |     5 ||     5
         Scroll            |       |     3 ||     3
 Armour: Leather armour    |    22 |     7 ||    29
         Chain mail        |       |    90 ||    90
  Dodge: Dodged            |    50 |    66 ||   116
         Repelled          |     1 |     1 ||     2

Table legend: (Time is in decaauts)
 A = Elapsed time spent in this place.
 B = Non-inter-level travel time spent in this place.
 C = Inter-level travel time spent in this place.
 D = Time resting spent in this place.
 E = Time spent auto-exploring this place.
 F = Levels seen in this place.
 G = Mean time per level.
                   A        B        C        D        E       F      G
               +--------+--------+--------+--------+--------+-----+--------+
         Total |   3825 |   3559 |    266 |    257 |   2585 |   4 |  956.2 |
       Dungeon |   3825 |   3559 |    266 |    257 |   2585 |   4 |  956.2 |
               +--------+--------+--------+--------+--------+-----+--------+

Top non-repeatable levels by time:
     D:3: 1715 daAuts
     D:2: 1128 daAuts
     D:1: 891 daAuts
     D:4: 89 daAuts
